 Dungeon Crawl Stone Soup version 0.19-a0-1896-g611e798 (webtiles) character file.

74 MrRokkomies the Caller (level 3, -2/30 HPs)
             Began as a Demigod Summoner on Oct 19, 2016.
             Slain by a leopard gecko (4 damage)
             ... on level 3 of the Dungeon.
             The game lasted 00:04:52 (2861 turns).

MrRokkomies the Caller (Demigod Summoner)           Turns: 2861, Time: 00:04:53

Health: -2/30      AC:  4    Str: 13    XL:     3   Next: 86%
Magic:  4/8        EV: 12    Int: 19    God:
Gold:   80         SH:  0    Dex: 16    Spells: 2 memorised, 2 levels left

rFire  . . .     SeeInvis .     a - +0 falchion
rCold  . . .     Gourm    .     j - +0 leather armour
rNeg   . . .     Faith    .     (no shield)
rPois  .         Spirit   .     (no helmet)
rElec  .         Reflect  .     (no cloak)
rCorr  .         Harm     .     (no gloves)
MR     .....                    i - +0 pair of boots
Stlth  ++........               (no amulet)
                                (no ring)
                                (no ring)

@: no status effects
A: high mp 1
a: no special abilities


You were on level 3 of the Dungeon.
You were not hungry.

You visited 1 branch of the dungeon, and saw 3 of its levels.

You collected 80 gold pieces.

Inventory:

Hand Weapons
 a - a +0 falchion (weapon)
Missiles
 f - 52 stones (quivered)
Armour
 i - a +0 pair of boots (worn)
 j - a +0 leather armour (worn)
Potions
 d - a potion of curing {unknown}
 e - a potion of heal wounds
 h - a potion of cure mutation {unknown}
 k - a potion of flight {unknown}
Books
 b - a book of Callings

   Spells                             Type                      Level
   a - Summon Small Mammal            Summoning                    1
   b - Call Imp                       Summoning                    2
   c - Call Canine Familiar           Summoning                    3
   d - Summon Guardian Golem          Hexes/Summoning              3
   e - Summon Lightning Spire         Summoning/Air                4
   f - Summon Ice Beast               Ice/Summoning                4
Comestibles
 c - 2 bread rations
 g - 2 chunks of flesh


   Skills:
 * Level 2.5 Fighting
 - Level 1.7 Dodging
 - Level 1.7 Stealth
 - Level 1.7 Spellcasting
 * Level 4.3 Summonings


You had 2 spell levels left.
You knew the following spells:

 Your Spells              Type           Power        Failure   Level  Hunger
a - Summon Small Mammal   Summ           ###.         4%          1    #......
b - Call Imp              Summ           ###.....     8%          2    ###....


Dungeon Overview and Level Annotations

Branches:
Dungeon (3/15)


Innate Abilities, Weirdness & Mutations

You have an increased reservoir of magic. (+10% MP)


Message History

The leopard gecko is moderately wounded.
The leopard gecko bites you.
* * * LOW HITPOINT WARNING * * *
The leopard gecko closely misses you.
You riposte.
You closely miss the leopard gecko.
The leopard gecko is moderately wounded.
The leopard gecko barely misses you.
Casting: Call Imp
Confirm with . or Enter, or press ? or * to list all spells.
A beastly little devil appears in a puff of flame.
The leopard gecko closely misses you.
You riposte.
You closely miss the leopard gecko.
The leopard gecko is lightly wounded.
Your crimson imp misses the leopard gecko.
Your crimson imp completely misses the leopard gecko.
Casting: Call Imp
Confirm with . or Enter, or press ? or * to list all spells.
A beastly little devil appears in a puff of flame.
The leopard gecko bites you.
You die...

#.####.#########.#
#.......# #.#
#..###..# #.# #..#
#..########.#
##.###..#........#
#...<..#.#####..#
#..##..#.# #.5#
#......#.# #.l#
#...#....# #.@#
#.#.#.########5.#
#.#..........#..#
..##..###..#.####
.....>.....#
...####.#...#
#....##...#.#
.....####.#.#
###### #.#.#


You could see a leopard gecko and 2 friendly crimson imps.

Vanquished Creatures
  An adder (D:2)
  An ooze (D:2)
  2 worms (D:2)
  A dart slug (D:3)
  2 leopard geckos (D:2)
  A ball python (D:2)
  7 bats
  5 goblins
  7 hobgoblins
  3 jackals (D:2)
  3 kobolds
  A frilled lizard (D:2)
  2 rats
36 creatures vanquished.

Vanquished Creatures (collateral kills)
  An adder (D:2)
  A dart slug (D:1)
  2 bats (D:1)
  2 goblins (D:1)
  3 hobgoblins
  A kobold (D:1)
  2 rats (D:1)
12 creatures vanquished.

Grand Total: 48 creatures vanquished

Notes
Turn   | Place    | Note
-------+----------+-------------------------------------------
     0 | D:1      | MrRokkomies the Demigod Summoner began the quest for the Orb.
     0 | D:1      | Reached XP level 1. HP: 14/14 MP: 5/5
   667 | D:1      | Reached skill level 1 in Fighting
   667 | D:1      | Reached XP level 2. HP: 22/23 MP: 7/7
   769 | D:1      | Learned a level 2 spell: Call Imp
  1304 | D:2      | Reached skill level 4 in Summonings
  1574 | D:2      | Reached XP level 3. HP: 19/29 MP: 3/8
  2861 | D:3      | Slain by a leopard gecko

Vault maps used:
D:1:      minmay_arrival_three_doors
D:2:      serial_bayou_pond_d

Skill      XL: |  1  2  3 |
---------------+----------+-----
Fighting       | 1 2 |  2.5
Summonings     | 4 |  4.3
Dodging        | |  1.7
Stealth        | |  1.7
Spellcasting   | |  1.7

Action                   || total
-------------------------++-------
Melee: Unarmed           ||    18
       Dagger            ||    45
       Falchion          ||   101
 Cast: Summon Small Mamm ||    14
       Call Imp          ||     8
  Use: Scroll            ||     3
 Stab: Sleeping          ||     4
  Eat: Chunk             ||     7
Armor: Robe              ||    11
       Leather armour    ||    35
Dodge: Dodged            ||   141
       Rpst.: Falchion   ||    29
